 Dungeon Crawl Stone Soup version 0.31-a0-188-g5e087ee2ca (webtiles) character file.

Game seed: 1312901536539685805

6 qw the Shooter (level 1, -1/12 HPs)
             Began as a Deep Elf Hunter on June 22, 2023.
             Slain by a goblin
             ... wielding a +0 club
              (4 damage)
             ... on level 1 of the Dungeon.
             The game lasted 00:00:04 (112 turns).

qw the Shooter (Deep Elf Hunter)                     Turns: 112, Time: 00:00:05

Health: -1/12      AC:  3    Str:  8    XL:     1   Next: 75%
Magic:  3/3        EV: 12    Int: 13    God:
Gold:   0          SH:  0    Dex: 18    Spells: 0/0 levels left

rFire   . . .        Y - +0 shortbow
rCold   . . .        (shield currently unavailable)
rNeg    . . .        c - +0 leather armour
rPois   .            (no helmet)
rElec   .            (no cloak)
rCorr   .            (no gloves)
SInv    .            (no boots)
Will    .....        (no amulet)
Stlth   ++           (no ring)
HPRegen 0.22/turn    (no ring)
MPRegen 0.08/turn

%: no passive effects
@: no status effects
A: no striking features
a: no special abilities


You were on level 1 of the Dungeon.
You visited 1 branch of the dungeon, and saw 1 of its levels.


   Skills:
 - Level 1.5 Fighting
 + Level 5.8 Ranged Weapons
 - Level 2.4 Dodging
 - Level 1.2 Stealth


You couldn't memorise any spells.
You didn't know any spells.
Your spell library was empty.

Inventory:

Hand Weapons
 Y - a +0 shortbow (weapon)
Armour
 c - a +0 leather armour (worn)
Potions
 e - a potion of curing {unknown}

Dungeon Overview and Level Annotations

Branches:
Dungeon (1/15)

Altars:


Message History

The arrow completely misses the ball python.
The arrow hits the plant!
The plant begins to die.
The plant is lightly damaged.
The ball python closely misses you. The ball python constricts you.
The goblin hits you but does no damage. The ball python closely misses you.
The ball python constricts you.
You shoot an arrow.
The arrow barely misses the ball python.
The arrow hits the plant!
The plant is lightly damaged.
The goblin hits you but does no damage. The ball python closely misses you.
The ball python constricts you.
You shoot an arrow.
The arrow closely misses the ball python.
The arrow hits the plant!
The plant is lightly damaged.
The ball python closely misses you. The ball python constricts you.
The goblin hits you but does no damage.
You shoot an arrow. The arrow hits the ball python.
The ball python is severely wounded.
A nearby plant withers and dies.
The ball python bites you but does no damage.
The ball python constricts you. The goblin closely misses you.
The ball python bites you. The ball python constricts you.
The goblin hits you with a +0 club.
You shoot an arrow.
The arrow closely misses the ball python.
The ball python bites you but does no damage.
The ball python constricts you. The goblin barely misses you.
You shoot an arrow.
The arrow closely misses the ball python.
The ball python bites you but does no damage.
The ball python constricts you. The kobold hits you with a +0 whip.
The goblin hits you with a +0 club.
The ball python bites you but does no damage.
The ball python constricts you.
You shoot an arrow. The arrow hits the ball python.
You kill the ball python!
The kobold barely misses you. The goblin hits you with a +0 club.
You die...

#~7..P7 # #7~~..~~7~
7~~~...~~77 ~~P~...~~~7
~~~~~..~~~77.#
~~~~...~~~ 7.#
~P~7~..%P777.#
~~~~..g~~~77.##
~~~P..K@P?7...#
~~P~...~P~7...#
~~~~...~~~...)#####
~~~~~...~.........#
~~~~~..........##.######
~~P~~...........#......#
~~~~7##########..#..##..
7P~~ ###.....###
####.).#.#..##


You could see a goblin and a kobold.

Vanquished Creatures
  An endoplasm (D:1)
  A goblin (D:1)
  A hobgoblin (D:1)
  A kobold (D:1)
  2 ball pythons (D:1)
6 creatures vanquished.

Notes
Turn   | Place    | Note
-------+----------+-------------------------------------------
     0 | D:1      | qw the Deep Elf Hunter began the quest for the Orb.
     0 | D:1      | Reached XP level 1. HP: 12/12 MP: 3/3
     0 | D:1      | 0 ||| qw: Version: 0.3-a-9-g12657ce
     0 | D:1      | 0 ||| qw: Game counter: 2948
     0 | D:1      | 0 ||| qw: Always use a shield: true
     0 | D:1      | 0 ||| qw: God list: Okawaru
     0 | D:1      | 0 ||| qw: Allow faded altars: false
     0 | D:1      | 0 ||| qw: Do Orc after D:15 true
     0 | D:1      | 0 ||| qw: Do second Lair branch before Depths: true
     0 | D:1      | 0 ||| qw: Lair rune preference: random
     0 | D:1      | 0 ||| qw: Plans: Normal
     0 | D:1      | 0 ||| PLANNING D:1-11
    97 | D:1      | 97 ||| READING scroll labelled SOIDOI FUSTATH.
    98 | D:1      | 98 ||| DROPPING scroll of butterflies.
   102 | D:1      | 102 ||| Stepping ~*~*~tactically~*~*~ (water).
   111 | D:1      | HP: 3/12 [kobold/+0 whip (3)]
   112 | D:1      | Slain by a goblin

Levels and vault maps discovered:
D:1:      dpeg_arrival_leaves_temple_mockup, layout_rooms, serial_bayou_ford_a,
          solitary_fountain, corexii_leaking_fountain,
          chequers_serial_rivers_micro_d

Action                     || total
---------------------------++-------
   Fire: Shortbow          ||    22
    Use: Scroll            ||     1
 Armour: Leather armour    ||     8
  Dodge: Dodged            ||    15

Table legend:
 A = Non-vault XP
 B = Vault XP
 C = Vault XP percentage of total XP
 D = Non-vault monster count
 E = Vault monster count
 F = Vault count percentage of total count
                 A         B        C        D         E       F
            +---------+---------+-------+---------+---------+-------
      Total |      11 |       0 |   0.0 |       6 |       0 |   0.0
            +---------+---------+-------+---------+---------+-------
        D:1 |      11 |       0 |   0.0 |       6 |       0 |   0.0
            +---------+---------+-------+---------+---------+-------
